[Event "Fagernes GM-A 2019"]
[Site "Fagernes"]
[Date "2019.04.15"]
[Round "2.20"]
[White "Royset, Pal"]
[Black "Gronnestad, Anita"]
[Result "1-0"]
[ECO "B22"]
[WhiteElo "2167"]
[BlackElo "1954"]
[Annotator "NA"]
[PlyCount "57"]
[EventDate "2019.04.14"]
[EventType "tourn"]
[EventCountry "NOR"]
[SourceTitle "playchess.com"]
[Source "ChessBase"]
[SourceQuality "1"]
[TimeControl "40/7200:3600"]

1. e4 c5 2. Nf3 e6 3. c3 d5 4. exd5 Qxd5 5. d4 Nc6 6. Be3 Nf6 7. Na3 cxd4 8. Nb5 Qd8 9. Nfxd4 Nd5 10. Qf3 Bd7 11. Nf5 Qb8 $1 12. O-O-O a6 13. Na3 $17 (13. Bf4 $11 {keeps the balance.} Ne5 14. Qg3) 13... Ne5 14. Qg3 Ng6 15. Nc4 exf5 16. Qxb8+ Rxb8 17. Rxd5 Be6 18. Rd2 b5 19. Nd6+ Bxd6 20. Rxd6 Bxa2 21. Rxa6 Bc4 22. Bc5 Bd5 23. Bd3 Nf4 24. Bxf5 Rd8 25. Ra7 Ra8 26. Re1+ Ne6 27. Bxe6 fxe6 28. Rxe6+ Kd8 29. Rd6+ 1-0

[Event "Fagernes GM-A 2019"]
[Site "Fagernes"]
[Date "2019.04.15"]
[Round "2.21"]
[White "Isha Sharma"]
[Black "Bjerke, Richard"]
[Result "1/2-1/2"]
[ECO "B51"]
[WhiteElo "1989"]
[BlackElo "2156"]
[Annotator "NA"]
[PlyCount "105"]
[EventDate "2019.04.14"]
[EventType "tourn"]
[EventCountry "NOR"]
[SourceTitle "playchess.com"]
[Source "ChessBase"]
[SourceQuality "1"]
[TimeControl "40/7200:3600"]

1. e4 c5 2. Nf3 d6 3. Bb5+ Nc6 4. O-O Bd7 5. Re1 a6 6. Bf1 Nf6 7. c3 Bg4 8. d3 e6 9. Nbd2 Be7 10. h3 Bh5 11. Qe2 {[%emt 0:04:34] B51: Sicilian: Moscow Variation (3 Bb5+) without 3...Bd7} Rc8 $146 ({Predecessor:} 11... d5 12. g3 O-O 13. Bg2 Nd7 14. Nf1 Re8 15. exd5 exd5 16. g4 Bg6 17. Bf4 Nf8 18. Bg3 Ne6 {0-1 (46) Raghavi,N (2038)-Illescas Cordoba,M (2601) La Massana 2012}) 12. g4 Bg6 13. Bg2 Nd7 14. Nf1 h5 15. g5 h4 16. Bd2 Nde5 17. N1h2 Nxf3+ 18. Nxf3 Ne5 19. Nh2 (19. Qe3 $1 $11 {remains equal.}) 19... Bh5 ({But not} 19... Bxg5 $6 20. f4 $11) 20. Qe3 c4 21. d4 Nd3 22. Bf1 Nxe1 23. Rxe1 Qa5 24. a3 Qb5 25. Bc1 Qb3 26. Qf4 Bd1 $15 27. Qd2 Bc2 28. f4 Bb1 29. Qf2 Qb5 30. Nf3 Bd3 31. Bg2 f6 32. Nxh4 fxg5 33. Ng6 Rh6 34. Nxe7 Kxe7 35. f5 Rh5 36. Bf3 Rch8 37. Bxh5 Rxh5 38. Qf3 Qe8 39. fxe6 Qg6 40. e5 d5 41. Qxd5 Qxe6 42. Qxe6+ Kxe6 43. Kg2 Bf5 44. Re3 Rh4 45. Bd2 g4 46. hxg4 Rxg4+ 47. Kf2 Rh4 48. Rg3 g6 49. Bg5 Rh2+ 50. Rg2 Rh1 51. Rg1 Rh5 52. Bf4 Rh4 53. Bg3 1/2-1/2

[Event "Fagernes GM-A 2019"]
[Site "Fagernes"]
[Date "2019.04.16"]
[Round "3.12"]
[White "Ingebretsen, Jens E"]
[Black "Abdrlauf, Elham"]
[Result "0-1"]
[ECO "A40"]
[WhiteElo "2300"]
[BlackElo "2123"]
[Annotator "ChessBase"]
[PlyCount "72"]
[EventDate "2019.04.14"]
[EventType "tourn"]
[EventCountry "NOR"]
[SourceTitle "playchess.com"]
[Source "ChessBase"]
[SourceQuality "1"]
[TimeControl "40/7200:3600"]

1. c4 b6 2. d4 e6 3. Nc3 Bb7 4. d5 exd5 5. cxd5 Nf6 6. e4 Bc5 7. Bd3 O-O 8. Nf3 d6 9. Bg5 h6 10. Bh4 Re8 11. O-O c6 12. Qd2 Bb4 13. Rfe1 Nbd7 14. Qf4 Ne5 15. Nxe5 dxe5 16. Qf5 g5 17. Bg3 Bc8 18. Qf3 Bg4 19. Qe3 Qd6 20. h4 Nh5 21. Bc4 Bc5 22. Qd3 b5 23. Bb3 Rad8 24. Bd1 Bxd1 25. Raxd1 Qf6 26. hxg5 hxg5 27. Rc1 Bb6 28. a3 Kg7 29. Kf1 Rh8 30. Qf3 Qxf3 31. gxf3 Nxg3+ 32. fxg3 Rh2 33. Nd1 cxd5 34. f4 dxe4 35. Rxe4 Rdd2 36. Ke1 Rdg2 0-1

[Event "Fagernes GM-A 2019"]
[Site "Fagernes"]
[Date "2019.04.16"]
[Round "3.13"]
[White "Skotheim, Andreas"]
[Black "Hobber, Anders"]
[Result "0-1"]
[ECO "E57"]
[WhiteElo "2182"]
[BlackElo "2295"]
[Annotator "NA"]
[PlyCount "118"]
[EventDate "2019.04.14"]
[EventType "tourn"]
[EventCountry "NOR"]
[SourceTitle "playchess.com"]
[Source "ChessBase"]
[SourceQuality "1"]
[TimeControl "40/7200:3600"]

1. c4 c6 2. e4 d5 3. exd5 Nf6 4. d4 cxd5 5. Nc3 Nc6 6. Bg5 e6 7. Nf3 Be7 8. a3 dxc4 9. Bxc4 O-O 10. O-O b6 11. Qd3 Bb7 12. Rfe1 Rc8 {[%emt 0:08:02] E57: Nimzo-Indian: Rubinstein: Main Line: 7...Nc6 8 a3 dxc4 9 Bxc4 cxd4} (12... h6 13. Bxf6 Bxf6 14. Rad1 Ne7 15. Ne4 Nf5 16. Ba2 Re8 17. Bb1 g6 18. g4 Nh4 19. Nxh4 Bxh4 20. Qe3 {0-1 (44) Short,N (2655)-Vallejo Pons,F (2700) Madrid 2016}) 13. Rad1 Nd5 14. Bc1 Nxc3 15. bxc3 Na5 $146 ({Predecessor:} 15... Bf6 16. Ba2 Ne7 17. Ng5 Ng6 18. Ne4 Be7 19. c4 Ba6 20. Bb2 Qc7 {½-½ (58) Klebel,M (2435)-Bachmayr,P (2280) Germany 1992}) 16. Ba2 Bd5 17. Bb1 f5 18. Ne5 Nc4 19. Nxc4 Bxc4 20. Qh3 Bd5 21. Re3 Bg5 22. Re5 Bxc1 23. Rxc1 Qg5 24. Re3 Rf6 25. Ree1 Rg6 26. g3 Rh6 27. f4 Qxf4 28. Qf1 Qxf1+ 29. Rxf1 Rf6 30. Bd3 Rf7 31. Ba6 Rd8 $17 32. Kf2 Rc7 33. Ke3 Bc4 34. Bxc4 Rxc4 35. Kd3 b5 36. Rb1 Rdc8 37. Rfc1 a6 38. Rb4 Rxb4 39. axb4 g5 40. Re1 Kf7 41. Re5 Kf6 42. Kd2 g4 43. Kd3 h5 44. Re2 h4 45. Ra2 hxg3 46. hxg3 Rc6 47. Rh2 f4 48. Rf2 f3 49. Rh2 Rc7 50. Rh8 Rf7 51. Rh2 Kg6 52. Ke3 Rh7 53. Ra2 Kf5 54. c4 bxc4 55. Ra5+ Kf6 56. Rxa6 Rc7 57. d5 c3 58. Rxe6+ Kf5 59. d6 Kxe6 0-1

[Event "Fagernes GM-A 2019"]
[Site "Fagernes"]
[Date "2019.04.16"]
[Round "3.14"]
[White "Lindbol, Aleksander"]
[Black "Sisatto, Olli"]
[Result "1/2-1/2"]
[ECO "E91"]
[WhiteElo "2139"]
[BlackElo "2276"]
[Annotator "NA"]
[PlyCount "42"]
[EventDate "2019.04.14"]
[EventType "tourn"]
[EventCountry "NOR"]
[SourceTitle "playchess.com"]
[Source "ChessBase"]
[SourceQuality "1"]
[TimeControl "40/7200:3600"]

1. e4 Nf6 2. e5 Nd5 3. d4 d6 4. exd6 cxd6 5. Nf3 g6 6. c4 Nf6 {[%emt 0:00:28] LiveBook: 4 Games} 7. Nc3 Bg7 8. Be2 O-O 9. d5 Na6 {[%emt 0:13:30] E91: King's Indian: Classical: 6 Be2, unusual replies including 6...c5 and 6...Bg4} (9... Bg4 10. Bd2 Nbd7 11. O-O Rc8 12. b3 Nc5 13. h3 Bd7 14. Be3 a6 15. Bd4 e5 16. dxe6 Nxe6 17. Be3 {½-½ (28) Dziuba,M (2584)-Heberla,B (2558) Czech Republic 2018}) 10. O-O Nc5 11. Be3 Bd7 12. Nd4 $146 ({Predecessor:} 12. Rc1 Ng4 13. Bd4 e6 14. Bxg7 Kxg7 15. dxe6 Bxe6 16. Qd4+ Nf6 17. Rfd1 {1-0 (29) Bykov,A (2016)-Semenova,A (1843) Voronezh 2011}) 12... Nfe4 13. Nxe4 Nxe4 14. Bf3 Nc5 15. b4 Na4 16. Rc1 a5 17. b5 Nc5 18. Nb3 $14 Na4 19. Nd4 Nc5 20. Nb3 Na4 21. Nd4 Nc5 1/2-1/2

[Event "Fagernes GM-A 2019"]
[Site "Fagernes"]
[Date "2019.04.16"]
[Round "3.16"]
[White "Dahl, Trygve"]
[Black "Isha Sharma"]
[Result "0-1"]
[ECO "B40"]
[WhiteElo "2275"]
[BlackElo "1989"]
[Annotator "NA"]
[PlyCount "88"]
[EventDate "2019.04.14"]
[EventType "tourn"]
[EventCountry "NOR"]
[SourceTitle "playchess.com"]
[Source "ChessBase"]
[SourceQuality "1"]
[TimeControl "40/7200:3600"]

1. e4 c5 2. Nf3 e6 3. g3 Nc6 4. Bg2 Nf6 5. d3 g6 (5... d5 6. Nbd2 Be7 7. O-O O-O 8. Re1 b5 9. a4 b4 10. e5 Nd7 11. Nf1 b3 12. c4 dxc4 13. dxc4 Rb8 14. Bd2 Qc7 15. Bc3 Rd8 16. N1d2 Bb7 17. Qe2 Ba8 {1-0 (57) Malakhov,V (2654)-Salgado Lopez,I (2624) Germany 2019}) 6. O-O {[%emt 0:07:46] B40: Sicilian: 2...e6, Unusual lines} Bg7 7. Re1 d6 8. c3 e5 9. h3 O-O 10. d4 cxd4 11. cxd4 Qb6 12. d5 Ne7 13. Nc3 Ne8 $146 ({Predecessor:} 13... Bd7 14. Re2 {1-0 (41) Senlle Caride,M (2179)-Gandio Garcia,O Ourense 2007}) 14. Nd2 f5 15. Nc4 Qc5 16. b3 b5 17. Be3 Qb4 18. a3 Qxc3 19. Rc1 Qxc1 20. Qxc1 bxc4 21. bxc4 fxe4 22. c5 Nxd5 23. cxd6 Nxe3 24. Qc6 Nxg2 25. Rb1 Bxh3 26. Qxa8 e3 27. fxe3 Nxd6 28. Qxa7 Bh6 29. Kh2 Bf5 30. Rb8 Nxe3 31. Rxf8+ Kxf8 $19 32. Qb8+ Ke7 33. Qc7+ Bd7 34. a4 Nd5 35. Qa5 Ke6 36. Qa8 Ne7 37. a5 Be3 38. Qb8 Nb5 39. a6 h5 40. Qd8 Ba7 41. Qa5 e4 42. Qa2+ Nd5 43. Qc2 Ke5 44. Qb2+ Bd4 0-1

[Event "Fagernes GM-A 2019"]
[Site "Fagernes"]
[Date "2019.04.16"]
[Round "3.18"]
[White "Holleland, Sigve"]
[Black "Nordquelle, Daniel"]
[Result "1-0"]
[ECO "A80"]
[WhiteElo "2024"]
[BlackElo "2264"]
[Annotator "NA"]
[PlyCount "87"]
[EventDate "2019.04.14"]
[EventType "tourn"]
[EventCountry "NOR"]
[SourceTitle "playchess.com"]
[Source "ChessBase"]
[SourceQuality "1"]
[TimeControl "40/7200:3600"]

1. d4 f5 2. Bg5 d5 3. e3 Nd7 4. Bd3 Ndf6 5. f3 g6 6. c4 c6 7. Nc3 Bg7 8. Rc1 a6 9. Nge2 Nh6 10. cxd5 cxd5 11. Nf4 e6 12. Qa4+ Kf8 13. Nb5 Bd7 14. Qb4+ Qe7 15. Nd6 Rb8 16. Rc7 Kg8 17. Qa3 Nf7 18. Bxf6 Bxf6 19. Rxb7 Kg7 20. Nxf5+ gxf5 21. Qxe7 Bxe7 22. Rxd7 Bb4+ 23. Ke2 Rhe8 24. Rc1 Bd6 25. b3 Bxf4 26. exf4 Rec8 27. Rxc8 Rxc8 28. Ra7 Kf6 29. Rxa6 Nd8 30. g4 Nc6 31. Ke3 Nb4 32. Rxe6+ Kf7 33. Bxf5 Rc3+ 34. Kd2 Rxf3 35. a3 Na2 36. Re2 Rxb3 37. Be6+ Kf6 38. Bxd5 Rb2+ 39. Ke3 Rxe2+ 40. Kxe2 Nc3+ 41. Kf3 Nxd5 42. a4 Nb4 43. Ke4 Ke6 44. g5 1-0

[Event "Fagernes GM-A 2019"]
[Site "Fagernes"]
[Date "2019.04.16"]
[Round "3.20"]
[White "Lillevold, Frode"]
[Black "Fuglestein, Sander"]
[Result "0-1"]
[ECO "D59"]
[WhiteElo "2076"]
[BlackElo "2000"]
[Annotator "NA"]
[PlyCount "60"]
[EventDate "2019.04.14"]
[EventType "tourn"]
[EventCountry "NOR"]
[SourceTitle "playchess.com"]
[Source "ChessBase"]
[SourceQuality "1"]
[TimeControl "40/7200:3600"]

1. d4 d5 2. c4 e6 3. Nf3 Nf6 4. Bg5 Be7 5. Nc3 O-O 6. e3 Nbd7 7. Bd3 h6 8. Bh4 b6 9. cxd5 Nxd5 10. Bxe7 Qxe7 11. Nxd5 exd5 12. O-O Bb7 13. Rc1 c5 14. Qa4 Rfd8 15. Qa3 Qe6 16. dxc5 Nxc5 17. Nd4 Qf6 18. b4 Ne6 19. Nxe6 Qxe6 20. Rc7 Rd7 21. Rfc1 d4 22. exd4 Qd5 23. Bf1 Qxd4 24. Qa4 Rxc7 25. Rxc7 Bd5 26. Rxa7 Rc8 27. Qd7 Rc1 28. Qb5 Qe4 29. f3 Qe3+ 30. Kh1 Qf2 0-1

[Event "Fagernes GM-A 2019"]
[Site "Fagernes"]
[Date "2019.04.16"]
[Round "3.21"]
[White "Gronnestad, Anita"]
[Black "Machlik, Monika"]
[Result "0-1"]
[ECO "A13"]
[WhiteElo "1954"]
[BlackElo "2059"]
[Annotator "NA"]
[PlyCount "94"]
[EventDate "2019.04.14"]
[EventType "tourn"]
[EventCountry "NOR"]
[SourceTitle "playchess.com"]
[Source "ChessBase"]
[SourceQuality "1"]
[TimeControl "40/7200:3600"]

1. Nf3 Nf6 2. c4 e6 3. g3 a6 4. Bg2 b5 5. b3 c5 6. d4 Bb7 7. d5 Nxd5 8. cxd5 Qf6 9. Nc3 Qxc3+ 10. Bd2 Qf6 11. dxe6 fxe6 12. O-O d5 13. e4 d4 14. Ng5 Ra7 15. Bh3 Bc8 16. e5 Qe7 17. Ne4 Qf7 18. Rc1 Be7 19. Bg5 O-O 20. Bxe7 Qxe7 21. Nxc5 Nc6 22. f4 Rc7 23. Qg4 Nxe5 24. fxe5 Rxf1+ 25. Kxf1 Rxc5 26. Qf4 Rxc1+ 27. Qxc1 Bb7 28. Ke2 h6 29. Qf4 Bd5 30. Qxd4 Qc7 31. Kd2 Qa5+ 32. b4 Qxa2+ 33. Ke3 Qxh2 34. Qh4 Qg1+ 35. Kd2 Qf2+ 36. Kc3 Qe3+ 37. Kc2 Qe2+ 38. Kc3 Qxe5+ 39. Kd2 Qb2+ 40. Ke3 Qc3+ 41. Kf2 Qd2+ 42. Kg1 Qe3+ 43. Kf1 Bc4+ 44. Kg2 Qe2+ 45. Kg1 Qe1+ 46. Kg2 Bd5+ 47. Kh2 Qh1# 0-1

[Event "Fagernes GM-A 2019"]
[Site "Fagernes"]
[Date "2019.04.18"]
[Round "4"]
[White "Demchenko, Anton"]
[Black "Postny, Evgeny"]
[Result "1-0"]
[ECO "B13"]
[WhiteElo "2661"]
[BlackElo "2612"]
[Annotator "RC"]
[PlyCount "73"]
[EventDate "2019.04.14"]
[EventType "tourn"]
[EventCountry "NOR"]
[SourceTitle "playchess.com"]
[Source "ChessBase"]
[SourceQuality "1"]
[TimeControl "40/7200:3600"]

1. e4 c6 2. d4 d5 3. exd5 cxd5 4. Bd3 Nc6 5. c3 Nf6 6. Bf4 Bg4 7. Qb3 e5 8. h3 Na5 9. Qc2 exf4 10. hxg4 Nxg4 11. Qe2+ Qe7 12. Nh3 f3 13. gxf3 Qxe2+ 14. Kxe2 Nf6 15. Nd2 Bd6 16. f4 Nh5 17. Kf3 g6 18. f5 O-O-O 19. Nf1 Nc6 20. Ne3 Ne7 21. Ng5 Rdf8 22. Rxh5 gxh5 23. f6 Ng6 24. Nxd5 h6 25. Ne4 Rd8 26. Rh1 h4 27. Bc4 Bb8 28. Ne3 Rdf8 29. Nf5 Kd7 30. b4 b6 31. Bb5+ Kd8 32. c4 h5 33. c5 h3 34. Ned6 Bxd6 35. cxd6 Kc8 36. Ne7+ Kb7 37. Rc1 1-0

[Event "Fagernes GM-A 2019"]
[Site "Fagernes"]
[Date "2019.04.18"]
[Round "4"]
[White "Vovk, Andriy"]
[Black "Efroimski, Marsel"]
[Result "1/2-1/2"]
[ECO "B70"]
[WhiteElo "2616"]
[BlackElo "2287"]
[Annotator "ChessBase"]
[PlyCount "81"]
[EventDate "2019.04.14"]
[EventType "tourn"]
[EventCountry "NOR"]
[SourceTitle "playchess.com"]
[Source "ChessBase"]
[SourceQuality "1"]
[TimeControl "40/7200:3600"]

1. e4 c5 2. Nf3 d6 3. d4 cxd4 4. Nxd4 Nf6 5. Nc3 Nc6 6. g3 g6 7. Bg2 Nxd4 8. Qxd4 Bg7 9. b3 O-O 10. Bb2 Qa5 11. Qd2 Be6 12. Na4 Qh5 13. O-O b5 14. Nc3 Rac8 15. Nd1 Bh3 16. Bxh3 Qxh3 17. f3 Qh5 18. Rf2 Qc5 19. Rc1 Nd7 20. Bxg7 Kxg7 21. Ne3 Nb6 22. c4 bxc4 23. bxc4 e6 24. Rc2 f5 25. exf5 exf5 26. Qc3+ Kg8 27. Qd3 Rfe8 28. Nd5 Nxd5 29. cxd5 Qb4 30. Rxc8 Rxc8 31. Qe3 Qc5 32. Qe6+ Kf8 33. Qd7 Re8 34. Kg2 Re7 35. Qd8+ Re8 36. Qh4 Kg7 37. Qa4 Re7 38. Rd2 Qe3 39. Qb4 Qe1 40. Qb2+ Qe5 41. Qa3 1/2-1/2

[Event "Fagernes GM-A 2019"]
[Site "Fagernes"]
[Date "2019.04.18"]
[Round "4"]
[White "Turov, Maxim"]
[Black "Notkevich, Benjamin Arvola"]
[Result "1-0"]
[ECO "D38"]
[WhiteElo "2584"]
[BlackElo "2495"]
[Annotator "ChessBase"]
[PlyCount "177"]
[EventDate "2019.04.14"]
[EventType "tourn"]
[EventCountry "NOR"]
[SourceTitle "playchess.com"]
[Source "ChessBase"]
[SourceQuality "1"]
[TimeControl "40/7200:3600"]

1. d4 Nf6 2. c4 e6 3. Nf3 d5 4. Nc3 Bb4 5. Qa4+ Nc6 6. Bg5 h6 7. Bxf6 Qxf6 8. e3 O-O 9. Rd1 a6 10. Qb3 Qe7 11. cxd5 Na5 12. Qc2 exd5 13. a3 Bxc3+ 14. Qxc3 Nc6 15. Be2 Bg4 16. h3 Bxf3 17. Bxf3 Qd6 18. Rc1 Rfd8 19. O-O Rd7 20. Bg4 Re7 21. Qc5 Rd8 22. b4 g6 23. Bf3 Rdd7 24. Qxd6 Rxd6 25. Rc5 Red7 26. Rfc1 Kf8 27. Bd1 Ke7 28. Ba4 Kd8 29. Bxc6 bxc6 30. g4 Kc8 31. Rxc6 Kb7 32. Rxd6 Rxd6 33. Kf1 c6 34. Ke2 Kb6 35. a4 g5 36. Rf1 h5 37. Kf3 Rf6+ 38. Kg3 h4+ 39. Kg2 Re6 40. Rb1 f6 41. Kf3 Re8 42. Ke2 Kc7 43. Kd3 Kd6 44. Rb2 Re7 45. f3 Re8 46. e4 Rb8 47. Ke3 Rb7 48. Kd3 Rb8 49. Kc3 Re8 50. Re2 Re7 51. Re1 Re8 52. Kd3 Re7 53. Re2 Rf7 54. exd5 cxd5 55. b5 axb5 56. axb5 Ra7 57. Rc2 Ra5 58. Rc6+ Ke7 59. Rc5 Kd6 60. b6 Ra8 61. Kc3 Rb8 62. Rb5 Kc6 63. Rb3 Re8 64. Rb1 Re7 65. Rb4 Re3+ 66. Kd2 Re7 67. Kd3 Kb7 68. Rb5 Kc6 69. Rc5+ Kd6 70. Rc1 Rb7 71. Rb1 Kc6 72. Kc3 Re7 73. Rb3 Rb7 74. Rb4 Re7 75. Kb3 Kb7 76. Ka4 Re1 77. Rb3 Ka6 78. b7 Ra1+ 79. Kb4 Kxb7 80. Kc5+ Kc7 81. Kxd5 Rh1 82. f4 gxf4 83. Ke4 Kd6 84. Kxf4 Kd5 85. Rf3 Kxd4 86. Kf5 Rh2 87. Kxf6 Ke4 88. Ra3 Rf2+ 89. Kg5 1-0

[Event "Fagernes GM-A 2019"]
[Site "Fagernes"]
[Date "2019.04.18"]
[Round "4"]
[White "Vorobiov, Evgeny E."]
[Black "Galinsky, Timofey"]
[Result "1/2-1/2"]
[ECO "C00"]
[WhiteElo "2565"]
[BlackElo "2378"]
[Annotator "ChessBase"]
[PlyCount "136"]
[EventDate "2019.04.14"]
[EventType "tourn"]
[EventCountry "NOR"]
[SourceTitle "playchess.com"]
[Source "ChessBase"]
[SourceQuality "1"]
[TimeControl "40/7200:3600"]

1. e4 e6 2. d3 d5 3. Nd2 Nf6 4. e5 Nfd7 5. f4 c5 6. Ndf3 Nc6 7. g3 Be7 8. Bg2 Qc7 9. Nh3 h6 10. O-O b6 11. Qe2 g6 12. Bd2 Bb7 13. c3 a5 14. Nf2 O-O-O 15. Rfc1 Ba6 16. b3 g5 17. a3 h5 18. b4 gxf4 19. Bxf4 h4 20. Rab1 hxg3 21. hxg3 Bb7 22. d4 c4 23. b5 Ncb8 24. a4 Rdg8 25. Nh3 Nf8 26. Kf2 Qd8 27. Rh1 Nbd7 28. Qe3 Ng6 29. Nhg5 Nxf4 30. gxf4 Qe8 31. Rxh8 Rxh8 32. Bh3 Kb8 33. Rg1 Bc8 34. Bg4 Nf8 35. Qc1 Nh7 36. Rh1 Nxg5 37. Nxg5 f6 38. exf6 Bxf6 39. Rxh8 Qxh8 40. Kg3 Qh6 41. Qe3 Kc7 42. Bxe6 Bxg5 43. Qe5+ Kd8 44. Qxd5+ Ke7 45. Bxc8 Bxf4+ 46. Kg4 Bd6 47. Qe4+ Kd8 48. Bf5 Qg7+ 49. Kh5 Qh8+ 50. Kg4 Qg7+ 51. Kf3 Qg3+ 52. Ke2 Qh2+ 53. Kf1 Qf4+ 54. Qxf4 Bxf4 55. Ke2 Ke7 56. Be4 Kd6 57. Bh7 Bg3 58. Bg8 Bf4 59. Bxc4 Bg3 60. Kd3 Bf2 61. Bf7 Be1 62. c4 Bf2 63. Ke4 Bg1 64. Bh5 Bf2 65. Be2 Bg1 66. c5+ bxc5 67. d5 c4 68. Bxc4 Bf2 1/2-1/2

[Event "Fagernes GM-A 2019"]
[Site "Fagernes"]
[Date "2019.04.18"]
[Round "4"]
[White "Urkedal, Frode Olav Olsen"]
[Black "Alekseev, Evgeny"]
[Result "1/2-1/2"]
[ECO "D38"]
[WhiteElo "2513"]
[BlackElo "2649"]
[Annotator "ChessBase"]
[PlyCount "46"]
[EventDate "2019.04.14"]
[EventType "tourn"]
[EventCountry "NOR"]
[SourceTitle "playchess.com"]
[Source "ChessBase"]
[SourceQuality "1"]
[TimeControl "40/7200:3600"]

1. d4 d5 2. c4 e6 3. Nc3 Bb4 4. Nf3 Nf6 5. cxd5 exd5 6. Bg5 Nbd7 7. e3 h6 8. Bh4 g5 9. Bg3 Ne4 10. Nd2 Nxg3 11. hxg3 Nb6 12. Qc2 Be6 13. Bd3 c6 14. a3 Bf8 15. O-O-O Qe7 16. Bf5 O-O-O 17. g4 Kb8 18. Kb1 Bg7 19. Ne2 Rc8 20. Rc1 Nd7 21. Nb3 b6 22. Ng3 Nf6 23. Qe2 Rc7 1/2-1/2

[Event "Fagernes GM-A 2019"]
[Site "Fagernes"]
[Date "2019.04.18"]
[Round "4"]
[White "Blomqvist, Erik"]
[Black "Santarius, Erik"]
[Result "1-0"]
[ECO "B13"]
[WhiteElo "2496"]
[BlackElo "2411"]
[Annotator "ChessBase"]
[PlyCount "93"]
[EventDate "2019.04.14"]
[EventType "tourn"]
[EventCountry "NOR"]
[SourceTitle "playchess.com"]
[Source "ChessBase"]
[SourceQuality "1"]
[TimeControl "40/7200:3600"]

1. e4 c6 2. d4 d5 3. exd5 cxd5 4. Bd3 Nc6 5. c3 Nf6 6. h3 g6 7. Bf4 Bf5 8. Be2 Bg7 9. Nf3 O-O 10. O-O a6 11. a4 Qb6 12. Ra2 Rfc8 13. Nbd2 a5 14. Re1 h6 15. Bb5 g5 16. Bh2 e6 17. Ne5 Nxe5 18. Bxe5 Ne4 19. Bxg7 Kxg7 20. Nxe4 Bxe4 21. Re3 Bg6 22. Qe2 Qd6 23. Ra1 Rg8 24. Re1 Kh8 25. Re5 Rg7 26. f3 Rag8 27. Qf2 Qc7 28. g4 Bh7 29. Kg2 Rg6 30. Qe3 Rf6 31. Rh1 h5 32. Rxg5 Rxg5 33. Qxg5 Rxf3 34. Kxf3 Be4+ 35. Kf2 Bxh1 36. Qxh5+ Kg8 37. Qg5+ Kf8 38. Qe5 Qb6 39. g5 Kg8 40. h4 Be4 41. h5 Qd8 42. h6 Qf8 43. Ke3 Kh7 44. Qf6 Qg8 45. Bd3 Bxd3 46. Kxd3 Qf8 47. g6+ 1-0

[Event "Fagernes GM-A 2019"]
[Site "Fagernes"]
[Date "2019.04.18"]
[Round "4"]
[White "Mikalsen, Erlend"]
[Black "Romanov, Evgeny"]
[Result "1/2-1/2"]
[ECO "C18"]
[WhiteElo "2397"]
[BlackElo "2576"]
[Annotator "ChessBase"]
[PlyCount "85"]
[EventDate "2019.04.14"]
[EventType "tourn"]
[EventCountry "NOR"]
[SourceTitle "playchess.com"]
[Source "ChessBase"]
[SourceQuality "1"]
[TimeControl "40/7200:3600"]

1. e4 e6 2. d4 d5 3. Nc3 Bb4 4. e5 c5 5. a3 Bxc3+ 6. bxc3 Qa5 7. Bd2 Qa4 8. Qg4 Kf8 9. h4 Nd7 10. h5 h6 11. Qd1 b6 12. Nf3 Ba6 13. Bxa6 Qxa6 14. a4 Ne7 15. a5 bxa5 16. Qe2 Qxe2+ 17. Kxe2 Nc6 18. g4 Rb8 19. Bc1 cxd4 20. cxd4 Nb6 21. Ba3+ Ke8 22. Bd6 Rb7 23. Rhb1 Kd7 24. c3 Kc8 25. Ne1 Nc4 26. Rxb7 Kxb7 27. Nd3 Kc8 28. Bc5 a4 29. Rxa4 a5 30. Ra1 Kc7 31. f4 f6 32. f5 fxe5 33. dxe5 N6xe5 34. Nxe5 Nxe5 35. fxe6 Re8 36. e7 Kc6 37. Ba3 Nc4 38. Kd3 Nxa3 39. Rxa3 Kb5 40. Rb3+ Kc6 41. Ra3 Kb5 42. Rb3+ Kc6 43. Ra3 1/2-1/2

[Event "Fagernes GM-A 2019"]
[Site "Fagernes"]
[Date "2019.04.18"]
[Round "4"]
[White "Mihajlov, Sebastian"]
[Black "Lindbol, Aleksander"]
[Result "1-0"]
[ECO "B33"]
[WhiteElo "2361"]
[BlackElo "2139"]
[Annotator "NA"]
[PlyCount "65"]
[EventDate "2019.04.14"]
[EventType "tourn"]
[EventCountry "NOR"]
[SourceTitle "playchess.com"]
[Source "ChessBase"]
[SourceQuality "1"]
[TimeControl "40/7200:3600"]

1. e4 c5 2. Nf3 Nc6 3. d4 cxd4 4. Nxd4 Nf6 5. Nc3 e5 6. Ndb5 d6 7. Bg5 a6 8. Na3 b5 9. Nd5 Be7 10. Bxf6 Bxf6 11. c4 b4 12. Nc2 O-O 13. g3 Bg5 14. Bg2 Rb8 15. O-O b3 16. axb3 Rxb3 17. Rb1 Bh6 18. Nce3 Nd4 19. Nc2 Nc6 20. Na1 Rb8 21. b4 g6 22. Nc2 Bg7 23. Qd3 Be6 24. Nce3 Kh8 25. Kh1 f5 26. f4 fxe4 27. Bxe4 Bg8 28. f5 gxf5 29. Nxf5 Bxd5 30. cxd5 Nxb4 31. Qe3 a5 32. Qa7 Rg8 33. Nh6 1-0

[Event "Fagernes GM-A 2019"]
[Site "Fagernes"]
[Date "2019.04.18"]
[Round "4"]
[White "Gullaksen, Eirik"]
[Black "Vitenberg, Noam Aviv"]
[Result "1/2-1/2"]
[ECO "B11"]
[WhiteElo "2324"]
[BlackElo "2203"]
[Annotator "NA"]
[PlyCount "47"]
[EventDate "2019.04.14"]
[EventType "tourn"]
[EventCountry "NOR"]
[SourceTitle "playchess.com"]
[Source "ChessBase"]
[SourceQuality "1"]
[TimeControl "40/7200:3600"]

1. e4 c6 2. Nc3 d5 3. Nf3 Nf6 4. e5 Ne4 5. Ne2 Qb6 6. d4 e6 7. Nfg1 f6 8. f3 Ng5 9. exf6 gxf6 10. f4 Nf7 11. Nf3 e5 12. fxe5 fxe5 13. Ng3 Bg4 14. Be2 Bxf3 15. Bxf3 Qxd4 16. Qxd4 exd4 17. Bh5 Bb4+ 18. Bd2 Bxd2+ 19. Kxd2 O-O 20. Rae1 Nd7 21. Nf5 Nfe5 22. Rhf1 Rf6 23. Nxd4 Raf8 24. Rxf6 1/2-1/2

[Event "Fagernes GM-A 2019"]
[Site "Fagernes"]
[Date "2019.04.18"]
[Round "4"]
[White "Sisatto, Olli"]
[Black "Holleland, Sigve"]
[Result "1/2-1/2"]
[ECO "D38"]
[WhiteElo "2276"]
[BlackElo "2024"]
[Annotator "NA"]
[PlyCount "101"]
[EventDate "2019.04.14"]
[EventType "tourn"]
[EventCountry "NOR"]
[SourceTitle "playchess.com"]
[Source "ChessBase"]
[SourceQuality "1"]
[TimeControl "40/7200:3600"]

1. d4 Nf6 2. c4 e6 3. Nc3 Bb4 4. Nf3 O-O 5. Bg5 d5 6. e3 h6 7. Bh4 c5 8. a3 Bxc3+ 9. bxc3 Qa5 10. Bxf6 Qxc3+ 11. Nd2 gxf6 12. Rc1 Qxa3 13. cxd5 cxd4 14. exd4 f5 15. Be2 exd5 16. O-O Nc6 17. Nf3 f4 18. Qd2 Qd6 19. Rfe1 Bg4 20. Ne5 Bxe2 21. Rxe2 Nxe5 22. dxe5 Qe6 23. Qxf4 Rac8 24. Rb1 Rc4 25. Qd2 Rfc8 26. h3 b6 27. Rb3 Re4 28. Rg3+ Kh8 29. Rxe4 dxe4 30. Qf4 Rg8 31. Rxg8+ Kxg8 32. Qxe4 a5 33. f4 Qc8 34. f5 b5 35. e6 fxe6 36. fxe6 Qc5+ 37. Kh1 Qc1+ 38. Kh2 Qc7+ 39. g3 Kf8 40. Qf5+ Ke7 41. Qf7+ Kd6 42. Qf4+ Kc6 43. Qxh6 Qe5 44. h4 Kd6 45. Qf8+ Kxe6 46. Qe8+ Kf6 47. Qf8+ Kg6 48. Qg8+ Kf6 49. Qh8+ Ke6 50. Qe8+ Kf6 51. Qh8+ 1/2-1/2